BSA
SO CAL BRUINS @ ST CHARLES SHEENS
04/17/2029
 
TOP OF THE 1ST
So Cal Bruins batting - Pitching for St Charles Sheens : RHP Tom Wallace
Pitching: RHP Tom Wallace
Batting: LHB Jesús Campos 0-0: Ball
1-0: Ball
2-0: Ball
3-0: Foul Ball, location: 2F
3-1: Base on Balls
Batting: LHB Chris Bates 0-0: Ball
1-0: Foul Ball, location: 2F
1-1: Ball
2-1: Swinging Strike
2-2: Foul Ball, location: 2F
2-2: Ball
3-2: Foul Ball, location: 2F
3-2: Fielders Choice at 2nd, 6-4 (Groundball, 6)
Batting: LHB José Antonio Santiago 0-0: Ball
1-0: Ball
Chris Bates steals 2nd base
2-0: Called Strike
2-1: Called Strike
2-2: Foul Ball, location: 2F
2-2: Strikes out looking
Batting: RHB Earl Wiggins 0-0: Called Strike
0-1: Ball
1-1: Ground out U3 (Groundball, 3)
Top of the 1st over - 0 runs, 0 hits, 0 errors, 1 left on base; So Cal 0 - St Charles 0
BOTTOM OF THE 1ST
St Charles Sheens batting - Pitching for So Cal Bruins : LHP Ramiro Jiménez
Pitching: LHP Ramiro Jiménez
Batting: RHB Miguel Palácios 0-0: Called Strike
0-1: SINGLE (Flyball, 9S)
Batting: RHB Jesús Hernández 0-0: Called Strike
0-1: Ball
1-1: DOUBLE (Line Drive, 7D)
Miguel Palácios to third
Batting: RHB Sergio Pujols 0-0: Called Strike
0-1: Foul Ball, location: 2F
0-2: Foul Ball, location: 2F
0-2: Ball
1-2: Fly out, F7 (Line Drive, 7LD)
Runner from 3rd tags up, OUT at HOME
Jesús Hernández to third
Batting: RHB Judson Backstrom 0-0: Fly out, F7 (Line Drive, 78D)
Bottom of the 1st over - 0 runs, 2 hits, 0 errors, 1 left on base; So Cal 0 - St Charles 0
TOP OF THE 2ND
So Cal Bruins batting - Pitching for St Charles Sheens : RHP Tom Wallace
Batting: LHB Kiyonaga Morita 0-0: Ball
1-0: Swinging Strike
1-1: Foul Ball, location: 2F
1-2: Ball
2-2: Strikes out looking
Batting: LHB Jeff Carter 0-0: Called Strike
0-1: Ball
1-1: Ball
2-1: Foul Ball, location: 2F
2-2: Ground out U3 (Groundball, 3)
Batting: LHB Bob Ware 0-0: Fly out, F8 (Flyball, 89D)
Top of the 2nd over - 0 runs, 0 hits, 0 errors, 0 left on base; So Cal 0 - St Charles 0
BOTTOM OF THE 2ND
St Charles Sheens batting - Pitching for So Cal Bruins : LHP Ramiro Jiménez
Batting: RHB Shawn Gutiérrez 0-0: Foul Ball, location: 2F
0-1: Ball
1-1: Ball
2-1: Foul Ball, location: 2F
2-2: SINGLE (Line Drive, 4D)
Batting: LHB Larry Howard 0-0: Called Strike
0-1: Called Strike
0-2: Strikes out looking
Batting: RHB Rob Brady 0-0: Ball
1-0: Grounds into double play, 6-4-3 (Groundball, 6)
Bottom of the 2nd over - 0 runs, 1 hit, 0 errors, 0 left on base; So Cal 0 - St Charles 0
TOP OF THE 3RD
So Cal Bruins batting - Pitching for St Charles Sheens : RHP Tom Wallace
Batting: RHB Javier Deleón 0-0: Called Strike
0-1: Called Strike
0-2: Strikes out looking
Batting: RHB Gerardo Escobedo 0-0: Foul Ball, location: 2F
0-1: Ball
1-1: Fly out, F5 (Popup, 15)
Batting: LHB Jesús Campos 0-0: Called Strike
0-1: Called Strike
0-2: Ball
1-2: Ball
2-2: Foul Ball, location: 2F
2-2: Foul Ball, location: 2F
2-2: Ball
3-2: Base on Balls
Batting: LHB Chris Bates 0-0: Ball
Throwing error on steal attempt, E2
Jesús Campos to third
1-0: Called Strike
1-1: Called Strike
1-2: Fly out, F8 (Flyball, 8RS)
Top of the 3rd over - 0 runs, 0 hits, 1 error, 1 left on base; So Cal 0 - St Charles 0
BOTTOM OF THE 3RD
St Charles Sheens batting - Pitching for So Cal Bruins : LHP Ramiro Jiménez
Batting: RHB Víctor Arredondo 0-0: Called Strike
0-1: Ball
1-1: Ball
2-1: Swinging Strike
2-2: Strikes out swinging
Batting: LHB Jason Lambert 0-0: Fly out, F7 (Line Drive, 7)
Batting: RHB Miguel Palácios 0-0: Called Strike
0-1: Ball
1-1: Foul Ball, location: 2F
1-2: SOLO HOME RUN (Flyball, 7LD), Distance : 357 ft
Pitching: LHP Jesús González
Batting: RHB Jesús Hernández 0-0: Called Strike
0-1: Ground out 6-3 (Groundball, 56)
Bottom of the 3rd over - 1 run, 1 hit, 0 errors, 0 left on base; So Cal 0 - St Charles 1
TOP OF THE 4TH
So Cal Bruins batting - Pitching for St Charles Sheens : RHP Tom Wallace
Batting: LHB José Antonio Santiago 0-0: Ball
1-0: Ball
2-0: Ball
3-0: Called Strike
3-1: Base on Balls
Batting: RHB Earl Wiggins 0-0: Called Strike
0-1: Ball
1-1: Swinging Strike
1-2: Ball
2-2: Ball
3-2: Fly out, F4 (Popup, 4S)
Batting: LHB Kiyonaga Morita 0-0: Ball
1-0: TRIPLE (Flyball, 9D)
José Antonio Santiago scores
Batting: LHB Jeff Carter 0-0: Ball
1-0: Swinging Strike
1-1: Ball
2-1: Swinging Strike
2-2: Strikes out looking
Batting: LHB Bob Ware 0-0: Called Strike
0-1: Foul Ball, location: 2F
0-2: Ball
1-2: SINGLE (Line Drive, 3L)
Kiyonaga Morita scores
Batting: RHB Javier Deleón 0-0: Called Strike
0-1: Ball
1-1: Ball
2-1: Foul Ball, location: 2F
2-2: Foul Ball, location: 2F
2-2: Fly out, F7 (Line Drive, 7)
Top of the 4th over - 2 runs, 2 hits, 0 errors, 1 left on base; So Cal 2 - St Charles 1
BOTTOM OF THE 4TH
St Charles Sheens batting - Pitching for So Cal Bruins : LHP Jesús González
Batting: RHB Sergio Pujols 0-0: Called Strike
0-1: Foul Ball, location: 2F
0-2: Ground out 6-3 (Groundball, 6)
Batting: RHB Judson Backstrom 0-0: Ball
1-0: Ball
2-0: Ground out 5-3 (Groundball, 56)
Batting: RHB Shawn Gutiérrez 0-0: Ball
1-0: Called Strike
1-1: Ball
2-1: Fly out, F8 (Flyball, 8LD)
Bottom of the 4th over - 0 runs, 0 hits, 0 errors, 0 left on base; So Cal 2 - St Charles 1
TOP OF THE 5TH
So Cal Bruins batting - Pitching for St Charles Sheens : RHP Tom Wallace
Batting: RHB Gerardo Escobedo 0-0: Fly out, F3 (Popup, 3SF)
Batting: LHB Jesús Campos 0-0: Ball
1-0: Ball
2-0: Ball
3-0: Called Strike
3-1: Called Strike
3-2: Fly out, F8 (Flyball, 8RS)
Batting: LHB Chris Bates 0-0: Ball
1-0: Called Strike
1-1: Called Strike
1-2: Fly out, F7 (Flyball, 78D)
Top of the 5th over - 0 runs, 0 hits, 0 errors, 0 left on base; So Cal 2 - St Charles 1
BOTTOM OF THE 5TH
St Charles Sheens batting - Pitching for So Cal Bruins : LHP Jesús González
Batting: LHB Larry Howard 0-0: Ball
1-0: SINGLE (Groundball, 4MD)
Batting: RHB Rob Brady 0-0: Foul Ball, location: 2F
0-1: Ball
1-1: Ball
2-1: SINGLE (Flyball, 7S)
Larry Howard to second
Batting: RHB Víctor Arredondo 0-0: Called Strike
0-1: Fly out, F8 (Flyball, 78D)
Batting: LHB Jason Lambert 0-0: Called Strike
0-1: Ball
1-1: Swinging Strike
1-2: Foul Ball, location: 2F
1-2: Foul Ball, location: 2F
1-2: Strikes out swinging
Batting: RHB Miguel Palácios 0-0: Ball
1-0: Ball
2-0: Ball
3-0: Called Strike
3-1: Fielders Choice at 2nd, 6-4 (Groundball, 6)
Bottom of the 5th over - 0 runs, 2 hits, 0 errors, 2 left on base; So Cal 2 - St Charles 1
TOP OF THE 6TH
So Cal Bruins batting - Pitching for St Charles Sheens : RHP Tom Wallace
Batting: LHB José Antonio Santiago 0-0: Swinging Strike
0-1: Swinging Strike
0-2: Ball
1-2: Ball
2-2: Fly out, F4 (Popup, 4)
Batting: RHB Earl Wiggins 0-0: Called Strike
0-1: Foul Ball, location: 2F
0-2: Ball
1-2: Ball
2-2: Foul Ball, location: 2F
2-2: Strikes out swinging
Batting: LHB Kiyonaga Morita 0-0: Called Strike
0-1: Ball
1-1: Swinging Strike
1-2: Ball
2-2: Ball
3-2: Foul Ball, location: 2F
3-2: Foul Ball, location: 2F
3-2: Foul Ball, location: 2F
3-2: Strikes out looking
Top of the 6th over - 0 runs, 0 hits, 0 errors, 0 left on base; So Cal 2 - St Charles 1
BOTTOM OF THE 6TH
St Charles Sheens batting - Pitching for So Cal Bruins : LHP Jesús González
Batting: RHB Jesús Hernández 0-0: Foul Ball, location: 2F
0-1: Ground out 5-3 (Groundball, 5L)
Batting: RHB Sergio Pujols 0-0: Fly out, F8 (Flyball, 8RXD)
Batting: RHB Judson Backstrom 0-0: Ball
1-0: SOLO HOME RUN (Flyball, 8LXD), Distance : 461 ft
Batting: RHB Shawn Gutiérrez 0-0: Ball
1-0: Foul Ball, location: 2F
1-1: Ball
2-1: Ball
3-1: Base on Balls
Batting: LHB Larry Howard 0-0: Called Strike
0-1: Ball
1-1: Foul Ball, location: 2F
1-2: Ball
2-2: Foul Ball, location: 2F
2-2: Foul Ball, location: 2F
2-2: Strikes out swinging
Bottom of the 6th over - 1 run, 1 hit, 0 errors, 1 left on base; So Cal 2 - St Charles 2
TOP OF THE 7TH
So Cal Bruins batting - Pitching for St Charles Sheens : RHP Tom Wallace
Pitching: RHP Augusto Herrera
Batting: LHB Jeff Carter 0-0: Fly out, F7 (Flyball, 78S)
Pitching: LHP Luis Valentín
Batting: LHB Bob Ware 0-0: Called Strike
0-1: Ball
1-1: Foul Ball, location: 2F
1-2: Foul Ball, location: 2F
1-2: Ball
2-2: Foul Ball, location: 2F
2-2: Fly out, F2 (Popup, 25F)
Pitching: RHP Irwin Conway
Batting: RHB Javier Deleón 0-0: Ball
1-0: Ball
2-0: Ball
3-0: Base on Balls
Batting: RHB Gerardo Escobedo 0-0: Foul Ball, location: 2F
0-1: Foul Ball, location: 2F
0-2: SINGLE (Flyball, 7S)
Javier Deleón to second
Batting: LHB Jesús Campos 0-0: Foul Ball, location: 2F
0-1: Foul Ball, location: 2F
0-2: Ball
1-2: Fly out, F9 (Flyball, 89XD)
Top of the 7th over - 0 runs, 1 hit, 0 errors, 2 left on base; So Cal 2 - St Charles 2
BOTTOM OF THE 7TH
St Charles Sheens batting - Pitching for So Cal Bruins : LHP Jesús González
Pitching: RHP Marty Burgess
Pinch Hitting: LHB Kyle Harrison 0-0: Ground out 5-3 (Groundball, 5)
Batting: RHB Víctor Arredondo 0-0: Called Strike
0-1: Ball
1-1: Ball
2-1: Fly out, F9 (Flyball, 89M)
Batting: LHB Jason Lambert 0-0: Called Strike
0-1: Swinging Strike
0-2: Ball
1-2: Strikes out looking
Bottom of the 7th over - 0 runs, 0 hits, 0 errors, 0 left on base; So Cal 2 - St Charles 2
TOP OF THE 8TH
So Cal Bruins batting - Pitching for St Charles Sheens : RHP Irwin Conway
Now at SS: Kyle Harrison
Batting: LHB Chris Bates 0-0: Ball
1-0: Foul Ball, location: 2F
1-1: Fly out, F7 (Flyball, 7LS)
Batting: LHB José Antonio Santiago 0-0: Ball
1-0: Called Strike
1-1: Swinging Strike
1-2: Strikes out swinging
Batting: RHB Earl Wiggins 0-0: Called Strike
0-1: DOUBLE (Groundball, 5L)
Batting: LHB Kiyonaga Morita 0-0: Ground out U3 (Groundball, 3)
Top of the 8th over - 0 runs, 1 hit, 0 errors, 1 left on base; So Cal 2 - St Charles 2
BOTTOM OF THE 8TH
St Charles Sheens batting - Pitching for So Cal Bruins : RHP Marty Burgess
Batting: RHB Miguel Palácios 0-0: Foul Ball, location: 2F
0-1: Foul Ball, location: 2F
0-2: Fly out, F5 (Popup, 56)
Batting: RHB Jesús Hernández 0-0: Ball
1-0: Foul Ball, location: 2F
1-1: Fly out, F6 (Popup, 6MD)
Batting: RHB Sergio Pujols 0-0: Ball
1-0: Ball
2-0: Called Strike
2-1: Ball
3-1: Base on Balls
Batting: RHB Judson Backstrom 0-0: Fly out, F9 (Line Drive, 89S)
Bottom of the 8th over - 0 runs, 0 hits, 0 errors, 1 left on base; So Cal 2 - St Charles 2
TOP OF THE 9TH
So Cal Bruins batting - Pitching for St Charles Sheens : RHP Irwin Conway
Pitching: RHP António Ojeda
Batting: LHB Jeff Carter 0-0: Fly out, F8 (Flyball, 8RXD)
Batting: LHB Bob Ware 0-0: Ball
1-0: Foul Ball, location: 2F
1-1: Ball
2-1: SINGLE (Line Drive, 4D)
Batting: RHB Javier Deleón 0-0: Called Strike
0-1: Ball
1-1: Foul Ball, location: 2F
1-2: Ball
2-2: Foul Ball, location: 2F
2-2: Ball
3-2: Base on Balls
Bob Ware to second
Pinch Hitting: RHB Rubén Calderón 0-0: Called Strike
0-1: Ball
1-1: Foul Ball, location: 2F
1-2: Foul Ball, location: 2F
1-2: SINGLE (Flyball, 7S)
Bob Ware to third
Javier Deleón to second
Batting: LHB Jesús Campos 0-0: Foul Ball, location: 2F
0-1: Grounds into fielders choice 4-2 (Groundball, 4)
Javier Deleón to third
Rubén Calderón to second
Batting: LHB Chris Bates 0-0: Ball
1-0: DOUBLE (Line Drive, 89D)
Javier Deleón scores
Rubén Calderón scores
Jesús Campos to third
Batting: LHB José Antonio Santiago 0-0: Called Strike
0-1: Ball
1-1: Fly out, F9 (Flyball, 89M)
Top of the 9th over - 2 runs, 3 hits, 0 errors, 2 left on base; So Cal 4 - St Charles 2
BOTTOM OF THE 9TH
St Charles Sheens batting - Pitching for So Cal Bruins : RHP Marty Burgess
Now at 3B: Ken Hernández
Batting: RHB Shawn Gutiérrez 0-0: Ball
1-0: Reached on error, E5 (Groundball, 56)
Batting: LHB Larry Howard 0-0: Foul Ball, location: 2F
0-1: Swinging Strike
0-2: Ball
1-2: Foul Ball, location: 2F
1-2: Fly out, F5 (Popup, 5SF)
Batting: LHB Kyle Harrison 0-0: Ball
1-0: Ground out 6-3 (Groundball, 6S)
Shawn Gutiérrez to second
Batting: RHB Víctor Arredondo 0-0: Foul Ball, location: 2F
0-1: Ball
1-1: Swinging Strike
1-2: Foul Ball, location: 2F
1-2: Ground out 5-3 (Groundball, 5)
Bottom of the 9th over - 0 runs, 0 hits, 1 error, 1 left on base; So Cal 4 - St Charles 2
Saturday, December 16th, 2017 - OOTP Baseball 18.8 Build 76